 Dungeon Crawl Stone Soup version 0.30-a0-782-ge64f9170bb (webtiles) character file.

Game seed: 6463522193975010345

280 Lavandula the Cudgeller (level 6, -1/47 HPs)
             Began as a Human Monk on Feb 20, 2023.
             Slain by an iguana (8 damage)
             ... on level 5 of the Dungeon.
             The game lasted 00:04:11 (3021 turns).

Lavandula the Cudgeller (Human Monk)                Turns: 3021, Time: 00:04:12

Health: -1/47      AC: 10    Str: 13    XL:     6   Next: 52%
Magic:  6/6        EV:  3    Int: 10    God:
Gold:   263        SH:  0    Dex: 16    Spells: 5/5 levels left

rFire   . . .      SeeInvis .    a - +0 mace
rCold   . . .      Faith    .    (no shield)
rNeg    . . .      Spirit   .    f - +0 plate armour
rPois   .          Reflect  .    (no helmet)
rElec   .          Harm     .    (no cloak)
rCorr   .          Rampage  .    (no gloves)
Will    .....                    (no boots) Stlth
                                 (no amulet)
HPRegen 0.27/turn                (no ring)
MPRegen 0.10/turn                (no ring)

@: no status effects
A: no striking features
a: no special abilities


You were on level 5 of the Dungeon.
You visited 1 branch of the dungeon, and saw 5 of its levels.

You collected 263 gold pieces.

Inventory:

Hand Weapons
 a - a +0 mace (weapon)
Armour
 b - a +0 robe
 d - an orb of energy
 f - a +0 plate armour (worn)
Scrolls
 h - a scroll of immolation
 j - a scroll of poison {unknown}
 n - 2 scrolls of torment
 o - a scroll of vulnerability
 p - a scroll of teleportation {unknown}
 s - a scroll of silence
Potions
 c - a potion of ambrosia
 e - 3 potions of mutation {unknown}
 g - a potion of heal wounds
 i - a potion of curing {unknown}
 k - a potion of brilliance
 l - a potion of degeneration {unknown}
 r - a potion of invisibility


   Skills:
 - Level 3.0 Fighting
 + Level 6.8 Maces & Flails
 - Level 3.0 Dodging
 - Level 2.0 Stealth


You had 5 spell levels left.
You didn't know any spells.
Your spell library was empty.

Dungeon Overview and Level Annotations

Branches:
Dungeon (5/15)
 Temple: D:4-7

Altars:


Message History

You open the door.
An ice beast and an iguana come into view.
The iguana hisses angrily.
There are monsters nearby!
There are monsters nearby!
You hit the iguana.
The iguana is lightly wounded.
The iguana bites you!
You barely miss the iguana.
The iguana is lightly wounded.
The iguana bites you!
You hit the iguana but do no damage.
The iguana is lightly wounded.
The iguana bites you.
You aren't carrying any items that you can evoke.
Unknown command.
Unknown command.
You hit the iguana but do no damage.
The iguana is lightly wounded.
The iguana bites you but does no damage.
You hit the iguana.
The iguana is moderately wounded.
The iguana bites you.
You hit the iguana.
The iguana is severely wounded.
The iguana bites you.
You closely miss the iguana.
The iguana is severely wounded.
The iguana bites you but does no damage.
You hit the iguana but do no damage.
The iguana is severely wounded.
The iguana barely misses you.
You completely miss the iguana.
The iguana is severely wounded.
The iguana barely misses you. The iguana bites you!
* * * LOW HITPOINT WARNING * * *
You hit the iguana.
The iguana is severely wounded.
The iguana bites you!
You die...

## .### #.#+ '#.# #...#
###...## ..... #......+
......#......##
......#.......#
.....Yl.......####+####
#@......#.......#
#..)...##.......##
#......'.........'
#####...##.........#
#+#...#'#.#...........
##.......#####.......##
#...........#.#'#)..#'#.
##....?....##...#####.†.
+.........'......#.....


You could see an ice beast and an iguana.

Vanquished Creatures
  A phantom (D:4)
  A scorpion (D:5)
  An iguana (D:3)
  5 adders
  4 dart slugs
  An orc (D:3)
  7 ball pythons
  6 endoplasms
  2 giant cockroaches
  4 goblins
  8 hobgoblins
  6 jackals
  3 quokkas
  7 bats
  2 frilled lizards
  14 kobolds
72 creatures vanquished.

Notes
Turn   | Place    | Note
-------+----------+-------------------------------------------
     0 | D:1      | Lavandula the Human Monk began the quest for the Orb.
     0 | D:1      | Reached XP level 1. HP: 18/18 MP: 1/1
    67 | D:1      | Found a faded altar of an unknown god.
   154 | D:1      | Reached XP level 2. HP: 22/24 MP: 2/2
   291 | D:1      | Reached skill level 4 in Maces & Flails
   291 | D:1      | Reached XP level 3. HP: 29/29 MP: 3/3
   643 | D:2      | Reached XP level 4. HP: 21/35 MP: 4/4
  1128 | D:2      | Reached skill level 5 in Maces & Flails
  1613 | D:3      | Reached XP level 5. HP: 41/41 MP: 5/5
  2617 | D:4      | Noticed a phantom
  2628 | D:4      | Killed a phantom
  2629 | D:4      | Reached skill level 6 in Maces & Flails
  2629 | D:4      | Reached XP level 6. HP: 40/47 MP: 6/6
  2756 | D:4      | Noticed an ogre
  2806 | D:5      | Entered Level 5 of the Dungeon
  2849 | D:5      | HP: 1/47 [poisoned by a scorpion]
  3010 | D:5      | Noticed an ice beast
  3021 | D:5      | Slain by an iguana

Illustrated notes

Levels and vault maps discovered:
D:1:      scummos_arrival_simple_fountains, layout_basic,
          shapermc_ecumenical_altar_flowoftime, nicolae_kite_square_tiling_tiny
D:2:      layout_loops_ring, serial_rivers, chequers_serial_rivers_micro_c,
          chequers_serial_rivers_room_b, chequers_serial_rivers_marsh,
          chequers_serial_rivers_small_b, chequers_serial_rivers_small_a,
          chequers_serial_rivers_marsh
D:3:      layout_basic
D:4:      layout_basic, serial_shops, kennysheep_little_box, uniq_blork_the_orc,
          uniq_grinder
D:5:      nicolae_cairo_tiling_very_big, layout_basic,
          gammafunk_temple_overflow_statue

Skill      XL: |  1  2  3  4  5 |
---------------+----------------+-----
Maces & Flails | 4 5 6 |  6.8
Fighting       | |  3.0
Dodging        | |  3.0
Stealth        | |  2.0

Action                     |  1- 3 |  4- 6 || total
---------------------------+-------+-------++-------
  Melee: Mace              |    78 |   205 ||   283
         Punch             |       |     2 ||     2
    Use: Scroll            |       |    10 ||    10
         Potion            |       |     2 ||     2
   Stab: Sleeping          |     1 |       ||     1
 Armour: Plate armour      |   109 |   146 ||   255
  Dodge: Dodged            |    12 |    40 ||    52

Table legend: (Time is in decaauts)
 A = Elapsed time spent in this place.
 B = Non-inter-level travel time spent in this place.
 C = Inter-level travel time spent in this place.
 D = Time resting spent in this place.
 E = Time spent auto-exploring this place.
 F = Levels seen in this place.
 G = Mean time per level.
                   A        B        C        D        E       F      G
               +--------+--------+--------+--------+--------+-----+--------+
         Total |   3075 |   2996 |     79 |    289 |   2041 |   5 |  615.0 |
       Dungeon |   3075 |   2996 |     79 |    289 |   2041 |   5 |  615.0 |
               +--------+--------+--------+--------+--------+-----+--------+

Top non-repeatable levels by time:
     D:3: 1143 daAuts
     D:2: 933 daAuts
     D:1: 591 daAuts
     D:5: 216 daAuts
     D:4: 189 daAuts
